 Dungeon Crawl Stone Soup version 0.31-a0-232-gb1c03b2570 (webtiles) character file.

Game seed: 8543712047856979882

70 qw the Shooter (level 4, -5/26 HPs)
             Began as a Gargoyle Hexslinger on July 7, 2023.
             Slain by a black bear (6 damage)
             ... on level 3 of the Dungeon.
             The game lasted 00:00:32 (1428 turns).

qw the Shooter (Gargoyle Hexslinger)                Turns: 1428, Time: 00:00:32

Health: -5/26      AC:  6    Str: 12    XL:     4   Next: 22%
Magic:  5/5        EV: 11    Int: 13    God:
Gold:   76         SH:  5    Dex: 14    Spells: 4/5 levels left

rFire   . . .        Y - +1 sling
rCold   . . .        (no shield)
rNeg    + + .        a - +0 leather armour
rPois   inf          (no helmet)
rElec   +            (no cloak)
rCorr   .            (no gloves)
SInv    .            (no boots)
Will    .....        h - amulet of reflection
Stlth   +            e - ring of positive energy
HPRegen 0.24/turn    (no ring)
MPRegen 0.09/turn

%: reflection
@: no status effects
A: sickness immunity, AC +3, negative energy resistance 1, electricity
resistance, torment resistance 1, petrification resistance
a: no special abilities


You were on level 3 of the Dungeon.
You visited 1 branch of the dungeon, and saw 3 of its levels.

You collected 76 gold pieces.


Innate Abilities, Weirdness & Mutations

You are immune to sickness and miasma.
Your stone body is resilient. (AC +3)
You are immune to poison.
You resist negative energy. (rN+)
You are resistant to electric shocks. (rElec)
You are resistant to unholy torment.
You are immune to petrification.


   Skills:
 - Level 2.1 Fighting
 + Level 3.9 Ranged Weapons
 - Level 1.5 Dodging
 - Level 1.0 Spellcasting
 - Level 2.6 Hexes


You had 4 spell levels left.
You knew the following spells:

 Your Spells              Type           Power      Damage    Failure   Level
a - Slow                  Hex            28%        N/A       12%         1

Your spell library contained the following spells:

 Spells                   Type           Power      Damage    Failure   Level
 Inner Flame              Hex/Fire       4%         N/A       52%         3
 Portal Projectile        Hex/Tloc       8%         N/A       52%         3
 Cause Fear               Hex            3%         N/A       75%         4

Inventory:

Hand Weapons
 Y - a +1 sling (weapon)
Armour
 a - a +0 leather armour (worn)
 b - a +0 ring mail
Jewellery
 e - a ring of positive energy (left hand)
 h - an amulet of reflection (around neck)
Scrolls
 i - a scroll of identify
Potions
 c - a potion of brilliance {unknown}
 d - 2 potions of lignification {unknown}
 f - a potion of curing
 g - 2 potions of haste
 j - a potion of magic {unknown}

Dungeon Overview and Level Annotations

Branches:
Dungeon (3/15)

Altars:
Vehumet


Message History

The black bear bites you but does no damage.
The black bear claws you but does no damage. x2
You shoot a sling bullet.
The sling bullet closely misses the black bear.
The sling bullet misses the adder.
The black bear bites you. The black bear claws you. x2
You shoot a sling bullet.
The sling bullet closely misses the black bear.
The sling bullet barely misses the adder.
The black bear closely misses you.
The black bear claws you but does no damage. x2
You shoot a sling bullet. The sling bullet hits the black bear.
The black bear is moderately wounded.
The black bear barely misses you. The black bear closely misses you.
The black bear barely misses you.
You shoot a sling bullet.
The sling bullet barely misses the black bear.
The sling bullet barely misses the adder.
The black bear barely misses you. The black bear closely misses you.
The black bear barely misses you. The black bear bites you.
The black bear barely misses you. The black bear claws you.
You shoot a sling bullet. The sling bullet hits the black bear.
The black bear is heavily wounded.
The black bear bites you.
The black bear claws you but does no damage.
You block the black bear's attack.
You shoot a sling bullet. The sling bullet hits the black bear.
The black bear is heavily wounded.
The black bear barely misses you. You block the black bear's attack.
The black bear claws you but does no damage.
You shoot a sling bullet.
The sling bullet barely misses the black bear.
The sling bullet closely misses the adder.
The black bear bites you. The black bear closely misses you.
The black bear claws you.
You shoot a sling bullet.
The sling bullet barely misses the black bear.
The sling bullet completely misses the adder.
The black bear bites you.
You die...

... ...
.)...## #.#
#.# ..... #.#
#.# ..%.. #.#
#.## ... #.#
#..# ... ##.##
#<.# #S#
#####..%###..#
#h#
#.....#......#
#@#
#.###...####.#
#.###.# ##.##
.# #.....# #.#
.. ####### #.#
.. #.# .. #.#
.. #.# ..


You could see a black bear and an adder.

Vanquished Creatures
  4 adders (D:2)
  A worm (D:2)
  A dart slug (D:2)
  2 ball pythons (D:1)
  2 bats
  2 endoplasms
  6 hobgoblins
  A quokka (D:2)
  2 frilled lizards (D:1)
  4 goblins
  3 kobolds
  4 rats
32 creatures vanquished.

Notes
Turn   | Place    | Note
-------+----------+-------------------------------------------
     0 | D:1      | qw the Gargoyle Hexslinger began the quest for the Orb.
     0 | D:1      | Reached XP level 1. HP: 12/12 MP: 2/2
     0 | D:1      | 0 ||| qw: Version: 0.3-a-46-gb1f654a
     0 | D:1      | 0 ||| qw: Game counter: 2528
     0 | D:1      | 0 ||| qw: Melee chars always use a shield: true
     0 | D:1      | 0 ||| qw: God list: Okawaru
     0 | D:1      | 0 ||| qw: Allow faded altars: false
     0 | D:1      | 0 ||| qw: Do Orc after clearing Dungeon:15 true
     0 | D:1      | 0 ||| qw: Do second Lair branch before Depths: true
     0 | D:1      | 0 ||| qw: Lair rune preference: random
     0 | D:1      | 0 ||| qw: Goals: Normal
     0 | D:1      | 0 ||| PLANNING D:1-11
   104 | D:1      | Reached XP level 2. HP: 16/16 MP: 3/3
   248 | D:1      | You fall into a shaft and drop 1 floor!
   255 | D:2      | 255 ||| READING scroll labelled LAAGAD RIHORCH.
   256 | D:2      | 256 ||| READING scroll labelled UHAJYIZXAR.
   337 | D:2      | 337 ||| UPGRADING to +0 leather armour.
   347 | D:2      | 347 ||| DROPPING +0 robe.
   348 | D:2      | 348 ||| DRINKING 2 black potions.
   349 | D:2      | 349 ||| DROPPING scroll of poison.
   362 | D:1      | Reached skill level 3 in Ranged Weapons
   716 | D:1      | 716 ||| UPGRADING to ring of positive energy.
   717 | D:1      | 717 ||| READING scroll labelled PEEXORGHYHYO.
   718 | D:1      | 718 ||| READING scroll labelled PUBAFOPL MONE.
   719 | D:1      | 719 ||| DRINKING 3 bubbling dark potions.
   828 | D:2      | Reached XP level 3. HP: 19/21 MP: 4/4
  1038 | D:2      | Reached XP level 4. HP: 26/26 MP: 5/5
  1066 | D:2      | Found a radiant altar of Vehumet.
  1346 | D:2      | 1346 ||| UPGRADING to amulet of reflection.
  1351 | D:2      | 1351 ||| DROPPING ring of wizardry.
  1411 | D:3      | Noticed a black bear
  1427 | D:3      | HP: 3/26 [black bear (6)]
  1427 | D:3      | HP: 1/26 [black bear (2)]
  1428 | D:3      | Slain by a black bear

Levels and vault maps discovered:
D:1:      dpeg_arrival_rhombus, layout_basic
D:2:      layout_loops_ring, basic_altar
D:3:      layout_loops_ring, dreamdust_ecumenical_altar_grove,
          chequers_serial_rivers_room_a

Skill      XL: |  1  2 |
---------------+-------+-----
Ranged Weapons | 3 |  3.9
Fighting       | 2 |  2.1
Dodging        | |  1.5
Spellcasting   | |  1.0
Hexes          | |  2.6

Action                     |  1- 3 |  4- 6 || total
---------------------------+-------+-------++-------
   Fire: Sling             |    77 |    48 ||   125
    Use: Scroll            |     4 |       ||     4
         Potion            |     2 |       ||     2
 Armour: Leather armour    |    13 |    17 ||    30
  Dodge: Dodged            |    25 |    28 ||    53
  Block: Other             |       |     6 ||     6

Table legend:
 A = Non-vault XP
 B = Vault XP
 C = Vault XP percentage of total XP
 D = Non-vault monster count
 E = Vault monster count
 F = Vault count percentage of total count
                 A         B        C        D         E       F
            +---------+---------+-------+---------+---------+-------
      Total |     101 |       0 |   0.0 |      32 |       0 |   0.0
            +---------+---------+-------+---------+---------+-------
        D:1 |      24 |       0 |   0.0 |      16 |       0 |   0.0
        D:2 |      74 |       0 |   0.0 |      14 |       0 |   0.0
        D:3 |       3 |       0 |   0.0 |       2 |       0 |   0.0
            +---------+---------+-------+---------+---------+-------
